 Dungeon Crawl Stone Soup version 0.30-a0-1074-g5db6f66fbb (webtiles) character file.

Game seed: 15341215180075812798

1334 jimonade the Shooter (level 8, -5/60 HPs)
             Began as a Formicid Hunter on Apr 14, 2023.
             Was an Initiate of Cheibriados.
             Slain by a gnoll
             ... wielding a +0 halberd
             ... led by a gnoll bouda
              (11 damage)
             ... on level 4 of the Dungeon.
             The game lasted 00:11:13 (4646 turns).

jimonade the Shooter (Formicid Hunter)              Turns: 4646, Time: 00:11:13

Health: -5/60      AC:  9    Str: 17    XL:     8   Next: 92%
Magic:  13/13      EV:  8    Int: 10    God:    Cheibriados [......]
Gold:   159        SH:  0    Dex: 20    Spells: 14/14 levels left

rFire   . . .      SeeInvis +    b - +5 Force Lance {heavy, knockback}
rCold   . . .      Faith    .    (no shield)
rNeg    . . .      Spirit   .    d - +0 chain mail {Will+}
rPois   .          Reflect  .    (helmet unavailable)
rElec   .          Rampage  .    (no cloak)
rCorr   .                        (no gloves)
Will    +....                    (no boots) Stlth
                                 (no amulet)
HPRegen 0.30/turn                (no ring)
MPRegen 0.13/turn                (no ring)

@: very slow
A: permanent stasis, dig shafts and tunnels, antennae 3, four strong arms
a: Dig, Shaft Self, Renounce Religion


You were on level 4 of the Dungeon.
You worshipped Cheibriados.
Cheibriados was noncommittal.
You visited 2 branches of the dungeon, and saw 6 of its levels.

You collected 159 gold pieces.

Inventory:

Hand Weapons
 a - a +0 shortbow of flaming
 b - the +5 Force Lance (weapon) {heavy, knockback}
   (You found it on level 2 of the Dungeon)
 c - a +2 scythe of venom
 e - a +0 dagger
 h - a +0 short sword
 p - a +0 morningstar
 u - the +3 hammer "Seuwn" {flame, Int+3 Dex+5}
   (You found it on level 2 of the Dungeon)

   Int:       It affects your intelligence (+3).
   Dex:       It affects your dexterity (+5).
 x - a +3 whip
 J - a +1 flail of protection
Missiles
 t - 2 javelins
 v - 5 curare-tipped darts
Armour
 d - a +0 chain mail of willpower (worn)
 w - a +0 ring mail
 y - a +0 leather armour
 z - a +2 robe of cold resistance
Jewellery
 C - an amulet of faith
Wands
 D - a wand of iceblast (7)
 I - a wand of flame (17)
Scrolls
 f - a scroll of magic mapping {unknown}
 i - 2 scrolls of amnesia
 n - a scroll of fear
 r - a scroll of acquirement
 s - 8 scrolls of immolation
 K - 2 scrolls of vulnerability
Potions
 l - a potion of mutation
 o - a potion of might {unknown}
 q - a potion of degeneration {unknown}
 A - a potion of attraction {unknown}
 E - a potion of ambrosia {unknown}
 F - a potion of flight {unknown}
 G - a potion of magic {unknown}
 H - 2 potions of lignification {unknown}
 L - a potion of brilliance {unknown}


   Skills:
 + Level 4.1 Fighting
 + Level 3.8 Polearms
 + Level 6.7 Ranged Weapons
 + Level 3.7 Armour
 + Level 2.1 Dodging
 + Level 1.6 Stealth
 * Level 3.7 Spellcasting
 * Level 3.2 Translocations


You had 14 spell levels left.
You didn't know any spells.
Your spell library contained the following spells:

 Spells                   Type           Power      Damage    Failure   Level
 Momentum Strike          Conj/Tloc      10%        3d8       91%         2
 Summon Forest            Summ/Tloc      2%         N/A       100%        5
 Dispersal                Tloc           4%         N/A       100%        6


Dungeon Overview and Level Annotations

Branches:
Dungeon (5/15)             Temple (1/1) D:4

Altars:
Ashenzari
Cheibriados
Dithmenos
Elyvilon
Fedhas
Gozag
Hepliaklqana
Kikubaaqudgha
Nemelex Xobeh
Okawaru
Qazlal
Ru
Sif Muna
Trog
Uskayaw
Vehumet
Wu Jian
Xom
Yredelemnul
Zin
The Shining One

Annotations:
D:2 1 runed translucent door, Crazy Yiuf


Innate Abilities, Weirdness & Mutations

You cannot be hasted, slowed, berserked, paralysed or teleported.
You can dig through walls and to a lower floor.
You have a pair of large antennae on your head. (SInv)
Your four strong arms can wield two-handed weapons with a shield.


Message History

Found a stone staircase leading up.
The gnoll shouts!
You hear a shout!
An iguana comes into view.
A gnoll comes into view. It is wielding a +0 halberd.
A gnoll comes into view. It is wielding a +0 whip.
A gnoll comes into view. It is wielding a +0 flail.
You hear a shout!
You shoot an arrow. The iguana hisses angrily.
The gnoll shouts! x2
The arrow hits the gnoll.
The arrow burns the gnoll.
The gnoll is moderately wounded.
A gnoll bouda comes into view.
It is wielding a +0 club and carrying a wand of iceblast (6).
The gnoll hits you from afar with a +0 spear.
The gnoll hits you from afar with a +0 spear.
The gnoll drinks a potion.
The gnoll goes berserk!
The gnoll hits you but does no damage.
The gnoll hits you from afar with a +0 spear.
The gnoll rages.
You see here a +0 sling.
The gnoll bouda barks out a call to the hunt!
The gnoll picks up the pace!
The gnoll completely misses you.
There is a stone staircase leading up, spattered with blood here.
The gnoll hits you from afar with a +0 spear.
The gnoll hits you with a +0 halberd!
The gnoll hits you but does no damage. x2
There is a stone staircase leading up, spattered with blood here.
The gnoll hits you with a +0 halberd! The gnoll hits you but does no damage.
You climb upwards.
There is a stone staircase leading down, spattered with blood here.
Your +0 shortbow of flaming stops flaming.
b - the +5 Force Lance (weapon)
{heavy, knockback} The gnoll hits you with a +0 halberd!
* * * LOW HITPOINT WARNING * * *
The gnoll hits you with a +0 spear.
* * * LOW HITPOINT WARNING * * *
As you read the scroll of fear, it crumbles to dust.
You assume a fearsome visage.
The gnoll is unaffected.
The gnoll looks frightened!
The gnoll barely misses you. The gnoll hits you with a +0 halberd!
You die...

#.#
#############.#
....†....)....#
...##.###.#####
...##.# #.# ###
...##.# #.# #.#
#.....# #.# #.#
#.#######.####.###
................@#
#.#######.#.#.g)g#
#....# #.#.####.#
#.##.# #.#.####.#
#+##.####.#......#
........#'#.####.#
............# #.#
............# #.#
####........# #.#


You could see 2 gnolls.

Vanquished Creatures
  Grinder (D:3)
  Sigmund (D:3)
  Edmund (D:4)
  An ice beast (D:4)
  An ogre (D:5)
  3 hounds
  4 orc priests
  2 jellies (D:4)
  2 iguanas
  A sleepcap (D:4)
  Jessica (D:2)
  Natasha (thrice) (D:2)
  2 orc wizards (D:3)
  Robin (D:3)
  7 adders
  A worm (D:3)
  4 dart slugs
  11 orcs
  7 bats
  8 endoplasms
  5 giant cockroaches
  14 goblins
  10 hobgoblins
  9 jackals
  2 quokkas
  7 ball pythons
  4 frilled lizards
  6 kobolds
  3 rats
122 creatures vanquished.

Notes
Turn   | Place    | Note
-------+----------+-------------------------------------------
     0 | D:1      | jimonade the Formicid Hunter began the quest for the Orb.
     0 | D:1      | Reached XP level 1. HP: 16/16 MP: 1/1
    99 | D:1      | Reached XP level 2. HP: 22/22 MP: 2/2
   194 | D:1      | Got the Cyclopedia of the Excursion
   220 | D:1      | Reached XP level 3. HP: 28/28 MP: 3/3
   467 | D:2      | Reached skill level 1 in Armour
   478 | D:2      | Noticed Jessica
   482 | D:2      | Killed Jessica
   483 | D:2      | Reached skill level 5 in Ranged Weapons
   483 | D:2      | Reached XP level 4. HP: 31/34 MP: 4/4
   689 | D:2      | Reached XP level 5. HP: 27/39 MP: 6/6
   766 | D:2      | Reached skill level 1 in Spellcasting
  1065 | D:2      | Noticed Natasha
  1069 | D:2      | Killed Natasha
  1097 | D:2      | Found the +5 Force Lance {heavy, knockback}
  1190 | D:2      | Noticed Natasha
  1199 | D:2      | Killed Natasha
  1267 | D:2      | Noticed Natasha
  1286 | D:2      | Killed Natasha
  1287 | D:2      | Reached skill level 1 in Translocations
  1454 | D:2      | Found a runed translucent door.
  1455 | D:2      | Identified the +3 hammer "Seuwn" {flame, Int+3 Dex+5}
  1455 | D:2      | Noticed Crazy Yiuf
  1677 | D:3      | Reached XP level 6. HP: 46/46 MP: 8/8
  1832 | D:3      | Noticed Robin
  1923 | D:3      | Killed Robin
  2022 | D:3      | Noticed Sigmund
  2029 | D:3      | Killed Sigmund
  2030 | D:3      | Reached skill level 1 in Polearms
  2030 | D:3      | Reached skill level 6 in Ranged Weapons
  2030 | D:3      | Reached XP level 7. HP: 46/52 MP: 8/10
  2217 | D:3      | Noticed a shining eye
  2229 | D:3      | Found a faded altar of an unknown god.
  2242 | D:3      | Noticed an eye of devastation
  2242 | D:3      | Noticed a great orb of eyes
  2376 | D:3      | Noticed Grinder
  2387 | D:3      | Killed Grinder
  2667 | D:4      | Noticed Edmund
  2682 | D:3      | Reached XP level 8. HP: 13/58 MP: 12/12
  3108 | D:4      | Found a staircase to the Ecumenical Temple.
  3121 | D:4      | Killed Edmund
  3150 | Temple   | Entered the Ecumenical Temple
  3404 | Temple   | Became a worshipper of Cheibriados the Contemplative
  4174 | D:4      | Identified a scroll of acquirement
  4179 | D:5      | Entered Level 5 of the Dungeon
  4646 | D:4      | Slain by a gnoll

Illustrated notes

Levels and vault maps discovered:
D:1:      scummos_arrival_forest, layout_rooms
D:2:      minmay_general_purpose_star, layout_basic, uniq_crazy_yiuf_cottage,
          uniq_natasha, uniq_jessica
D:3:      layout_loops_cross, hellmonk_ecumenical_altar_watching_god,
          minmay_misc_feat_four_crosses, uniq_grinder, uniq_sigmund, uniq_robin
D:4:      layout_basic, uniq_edmund
D:5:      layout_loops_ring, nrook_campfire, uniq_blork_the_orc
Temple:   mainiacjoe_temple_trianglar_array

Skill      XL: |  1  2  3  4  5  6  7  8 |
---------------+-------------------------+-----
Armour         | 1 2 3 |  3.7
Ranged Weapons | 5 6 |  6.7
Spellcasting   | 1 2 3 |  3.7
Translocations | 1 2 3 |  3.2
Fighting       | 3 4 |  4.1
Polearms       | 1 2 3 |  3.8
Dodging        | 2 |  2.1
Stealth        | |  1.6

Action                     |  1- 3 |  4- 6 |  7- 9 || total
---------------------------+-------+-------+-------++-------
  Melee: Lance             |       |    32 |   101 ||   133
         Punch             |       |     1 |       ||     1
   Fire: Shortbow          |    88 |    83 |    36 ||   207
Ability: Dig               |     2 |       |       ||     2
    Use: Scroll            |       |       |    10 ||    10
 Armour: Leather armour    |     3 |       |       ||     3
         Chain mail        |    21 |    90 |    65 ||   176
  Dodge: Dodged            |    12 |    62 |    42 ||   116

Table legend: (Time is in decaauts)
 A = Elapsed time spent in this place.
 B = Non-inter-level travel time spent in this place.
 C = Inter-level travel time spent in this place.
 D = Time resting spent in this place.
 E = Time spent auto-exploring this place.
 F = Levels seen in this place.
 G = Mean time per level.
                   A        B        C        D        E       F      G
               +--------+--------+--------+--------+--------+-----+--------+
         Total |   5062 |   4804 |    258 |    652 |   2915 |   6 |  843.7 |
       Dungeon |   4457 |   4241 |    216 |    652 |   2368 |   5 |  891.4 |
        Temple |    605 |    564 |     41 |      0 |    547 |   1 |  605.0 |
               +--------+--------+--------+--------+--------+-----+--------+

Top non-repeatable levels by time:
     D:3: 1308 daAuts
     D:2: 1303 daAuts
     D:4: 980 daAuts
  Temple: 605 daAuts
     D:1: 504 daAuts
     D:5: 360 daAuts
